 Dungeon Crawl Stone Soup version 0.21-a0-329-g12f17e1 (webtiles) character file.

388 namelastname112 the Scratcher (level 6, -4/28 HPs)
             Began as a Felid Wanderer on Oct 1, 2017.
             Slain by an ogre
             ... wielding a +0 giant club
              (32 damage)
             ... on level 6 of the Dungeon.
             The game lasted 00:12:46 (5766 turns).

namelastname112 the Scratcher (Felid Wanderer)      Turns: 5766, Time: 00:12:47

Health: -4/28      AC:  8    Str: 10    XL:     6   Next: 49%
Magic:  8/8        EV: 19    Int: 13    God:
Gold:   277        SH:  2    Dex: 16    Spells: 5/5 levels left
                                        Lives:  0   Deaths: 1

rFire    . . .     SeeInvis +     - Unarmed
rCold    . . .     Gourm    .   (shield unavailable)
rNeg     . . .     Faith    .   (armour unavailable)
rPois    .         Spirit   .   (helmet unavailable)
rElec    .         Reflect  +   (cloak unavailable)
rCorr    .         Harm     .   (gloves unavailable)
MR       .....                  (boots unavailable)
Stlth    +++.......             s - +2 amulet of reflection
HPRegen  0.09/turn              d - +6 ring of protection
MPRegen  0.11/turn              (no ring)

@: quick
A: no armour, no weapons or thrown items, stealth, claws 1, fangs 3, see
invisible, carnivore 3, speed 1, shaggy fur 2, slow metabolism 1, sharp paws
a: no special abilities


You were on level 6 of the Dungeon.
You were completely stuffed.

You visited 1 branch of the dungeon, and saw 6 of its levels.

You collected 277 gold pieces.

Inventory:

Jewellery
 d - a +6 ring of protection (left paw)
 s - a +2 amulet of reflection (around neck)
Wands
 a - a wand of enslavement (10/24)
Scrolls
 f - 6 scrolls of remove curse
 g - 5 scrolls of identify
 j - a scroll of fog
 k - a scroll of enchant weapon
 q - 2 scrolls of fear
 r - a scroll of amnesia
Potions
 e - 4 potions of curing
 h - 3 potions of heal wounds {unknown}
 i - a potion of might {unknown}
 l - a potion of agility {unknown}
 m - 2 potions of lignification {unknown}
 o - a potion of flight {unknown}
 p - 2 potions of berserk rage {unknown}
 t - 2 potions of resistance
Books
 b - Nuullaph's Volume of the Rocks

   Spells                             Type                      Level
   a - Sandblast                      Earth                        1
   b - Stone Arrow                    Conjuration/Earth            3
Comestibles
 c - 4 meat rations


   Skills:
 + Level 3.8 Fighting
 + Level 3.9 Dodging
 + Level 4.4 Stealth
 * Level 4.7 Unarmed Combat
   Level 3.6 Charms
   Level 1.7 Air Magic
 - Level 2.1 Evocations


You had 5 spell levels left.
You didn't know any spells.

Dungeon Overview and Level Annotations

Branches:
Dungeon (6/15)
 Temple: D:4-7

Altars:
Ashenzari
Fedhas

Annotations:
D:3 1 exclusion, Jessica
D:4 1 transporter


Innate Abilities, Weirdness & Mutations

You cannot wear armour.
You are incapable of wielding weapons or throwing items.
Your paws allow you to move quietly. (Stealth)
You have sharp claws.
You have razor-sharp teeth.
You have supernaturally acute eyesight. (SInv)
You are carnivorous and can eat meat at any time.
You cover ground quickly.
You are covered in thick fur. (AC +2)
You have a slow metabolism.
Your sharp claws are effective at attacking unaware monsters.


Message History

The ogre misses you.
You scratch the ogre.
You kill the ogre!
Health restored: 28 You see here a giant club.
Key pressed, stopping explore.
Key pressed, stopping explore.
Key pressed, stopping explore.
Key pressed, stopping explore.
All of the chunks of flesh in your inventory have rotted away.
Found a stone staircase leading down.
An ogre and a crimson imp come into view.
There are monsters nearby!
There are monsters nearby!
There are monsters nearby!
A crimson imp comes into view.
The crimson imp shouts!
The ogre shouts!
The crimson imp shouts!
The crimson imp closely misses you. The ogre hits you with a giant club!!
Ouch! That really hurt!
You die...

#.# .. #O# ##.#
### #.# .... ..#
##.# ##### ##..
#.# #.##.# #<...
#....#5# .. #.#
##### #....#.##.#
#.# #.....O5.(#
#.# #@# #.#
#.########.#
#..........#
...>..........###
####.########.#
#. #.# # #####.#
#.....# #.#####


You could see an ogre and 2 crimson imps.

Vanquished Creatures
  An ogre (D:6)
  A hound (D:4)
  2 orc priests
  2 bullfrog skeletons
  2 orc wizards (D:5)
  2 worker ants (D:4)
  10 adders
  An ooze (D:1)
  2 worms
  A dart slug (D:1)
  2 leopard geckos
  11 orcs
  3 giant cockroaches
  5 hobgoblins
  2 jackals (D:5)
  A quokka (D:3)
  3 bats
  2 frilled lizards
  5 goblins
  6 kobolds
  17 rats
81 creatures vanquished.

Vanquished Creatures (collateral kills)
  A scorpion (D:6)
  An orc (D:5)
2 creatures vanquished.

Vanquished Creatures (others)
  An orc priest (D:5)
  An orc (D:5)
2 creatures vanquished.

Grand Total: 85 creatures vanquished

Notes
Turn   | Place    | Note
-------+----------+-------------------------------------------
     0 | D:1      | namelastname112 the Felid Wanderer began the quest for the Orb.
     0 | D:1      | namelastname112 set off with: a wand of enslavement (15/24), Nuullaph's Volume of the Rocks, a meat ration
     0 | D:1      | Reached XP level 1. HP: 9/9 MP: 3/3
     6 | D:1      | Identified Nuullaph's Volume of the Rocks
     7 | D:1      | Goblin1989: Приветы
     7 | D:1      | Goblin1989: вижу
     7 | D:1      | namelastname112: зацени прикол
     7 | D:1      | Goblin1989: тут гноллов обновили опять по-крупному
     7 | D:1      | namelastname112: да я видел
     7 | D:1      | namelastname112: они теперь поломанные
     7 | D:1      | namelastname112: лол
   228 | D:1      | Reached XP level 2. HP: 13/13 MP: 4/4
   230 | D:1      | Reached skill level 1 in Stealth
   244 | D:1      | Reached skill level 1 in Dodging
   248 | D:1      | p0werm0de: what u not playing newnewgnolls??
   248 | D:1      | namelastname112: hey p0wer
   248 | D:1      | namelastname112: wanna see a nice meme
   248 | D:1      | p0werm0de: should be ya wet dream
   249 | D:1      | p0werm0de: sure
   249 | D:1      | p0werm0de: https://www.youtube.com/watch?v=na7lIb09898
   249 | D:1      | p0werm0de: nice ring man
   274 | D:1      | p0werm0de: d1
   378 | D:1      | p0werm0de: lucker no1
   415 | D:1      | p0werm0de: :>
   415 | D:1      | p0werm0de: !hs * fe--
   415 | D:1      | namelastname112: (still dies)
   415 | D:1      | beem: 139706. 4thArraOfDagon the Ninja (L27 FeEn of Cheibriados), escaped with the Orb and 15 runes on 2015-12-02 22:13:53, with 52406835 points after 27558 turns and 5:36:18.
   812 | D:2      | p0werm0de: did you notice gnoll change??
   833 | D:2      | p0werm0de: all apts +8 train all at once
   841 | D:2      | p0werm0de: no stat lock!!
   842 | D:2      | p0werm0de: OP!!
   849 | D:2      | Reached XP level 3. HP: 13/16 MP: 5/5
   852 | D:2      | p0werm0de: play before renerf
  1017 | D:2      | namelastname112: yeah i saw you play one
  1021 | D:2      | p0werm0de: kk
  1215 | D:2      | p0werm0de: !greatrace fe namelastname112
  1258 | D:2      | beem: Unwon felids for namelastname112: FeAE, FeAK, FeAs, FeCj, FeEE, FeEn, FeFE, FeFi, FeGl, FeIE, FeNe, FeSk, FeSu, FeVM, FeWn, FeWz
  1691 | D:2      | Reached XP level 4. HP: 10/20 MP: 6/6
  1793 | D:2      | Goblin1989: !greaterace dr namelastname112
  1903 | D:2      | Goblin1989: !greatrace dr namelastname112
  1912 | D:2      | beem: namelastname112 is a greatdraconian!
  1914 | D:2      | p0werm0de: ye i know he has that :>
  2112 | D:2      | p0werm0de: !greatplayer goblin1989
  2335 | D:2      | beem: Unwon species for goblin1989: Deep Elf, Demigod, Felid, Formicid, Ghoul, Halfling, Human, Kobold, Merfolk, Mummy, Naga, Octopode, Ogre, Spriggan, Tengu, Vampire
  2349 | D:2      | p0werm0de: oO
  2354 | D:2      | Goblin1989: !greatrace ds goblin1989
  2357 | D:2      | p0werm0de: so many
  2527 | D:2      | beem: Unwon demonspawns for goblin1989: DsAE, DsAK, DsAM, DsAs, DsCj, DsCK, DsEE, DsEn, DsIE, DsMo, DsNe, DsSk, DsSu, DsTm, DsVM, DsWr, DsWz
  2554 | D:2      | p0werm0de: !greatrace ds .
  2628 | D:3      | beem: p0werm0de is a greatdemonspawn!
  3083 | D:3      | Reached XP level 5. HP: 22/24 MP: 7/7
  3194 | D:3      | Noticed a moth of wrath
  3196 | D:3      | Noticed Jessica
  3471 | D:4      | Goblin1989: хотя последнее время времени свободного на кроул нет совсем, начальство хочет чтобы я работал вкалывал с утра до позднего вечера :(
  3482 | D:4      | Found a transporter.
  3484 | D:4      | Noticed a fire bat
  3486 | D:4      | Noticed a fire bat
  3486 | D:4      | Noticed a fire bat
  3607 | D:4      | namelastname112: кем пашешь?
  3841 | D:4      | Goblin1989: тык фельдшер
  3851 | D:4      | namelastname112: нормально платят?
  4104 | D:4      | Goblin1989: 24000
  4114 | D:4      | Gained mutation: You are covered in thick fur. (AC +2) [Felid growth]
  4114 | D:4      | Reached XP level 6. HP: 28/28 MP: 8/8
  4118 | D:4      | namelastname112: чето не очень
  4118 | D:4      | namelastname112: я курьером столько же зарабатывал
  4118 | D:4      | Found a transporter.
  4325 | D:4      | Goblin1989: ни о чем, учитывая сколько я вкалываю
  4416 | D:4      | Slain by a fire bat
  4417 | D:4      | Reached XP level 5. HP: -4/24 MP: 7/7
  4441 | D:5      | Entered Level 5 of the Dungeon
  4878 | D:5      | Noticed an ogre
  5132 | D:5      | Goblin1989: НО наши экономисты считают что у нас просто ахренеть какие большие зарплаты и их нам нужно постоянно снижать!
  5305 | D:5      | Noticed a two-headed ogre
  5398 | D:6      | namelastname112: пиздец
  5502 | D:6      | Reached XP level 6. HP: 28/28 MP: 8/8
  5523 | D:6      | Found a blossoming altar of Fedhas.
  5523 | D:6      | Found a shattered altar of Ashenzari.
  5766 | D:6      | Slain by an ogre

Vault maps used:
D:1:      erik_arrival_orb_chamber
D:2:      first_bread
D:3:      tgw_trog, uniq_jessica
D:4:      gammafunk_cloud_chamber, nicolae_zen_rock_garden
D:6:      grunt_temple_overflow_open, minmay_temple_entry_trees, basic_altar

Skill      XL: |  1  2  3  4  5 |
---------------+----------------+-----
Stealth        | 1 2 4 |  4.4
Dodging        | 1 2 3 |  3.9
Unarmed Combat | 2 3 4 |  4.7
Fighting       | 3 |  3.8
Charms         | |  3.6
Air Magic      | |  1.7
Evocations     | |  2.1

Action                   |  1- 3 |  4- 6 || total
-------------------------+-------+-------++-------
Melee: Unarmed           |   153 |   183 ||   336
       Bite              |    13 |    15 ||    28
       Punch             |       |     4 ||     4
Evoke: Wand              |       |     5 ||     5
  Use: Potion            |     2 |       ||     2
       Scroll            |       |     8 ||     8
 Stab: Sleeping          |     5 |     8 ||    13
  Eat: Chunk             |     6 |    16 ||    22
Armor: Skin              |    44 |    33 ||    77
Dodge: Dodged            |   118 |   135 ||   253
Block: Other             |       |    10 ||    10

Table legend:
 A = Spawn XP
 B = Non-spawn XP
 C = Spawn XP percentage of total XP
 D = Spawn monster count
 E = Non-spawn monster count
 F = Spawn count percentage of total count
 G = Total turns spent on level
                    A         B        C        D         E        F      G
               +---------+---------+-------+---------+---------+-------+---------
         Total |       0 |     747 |   0.0 |       0 |      84 |   0.0 |  5766
               +---------+---------+-------+---------+---------+-------+---------
           D:1 |       0 |      50 |   0.0 |       0 |      24 |   0.0 |  1449
           D:2 |       0 |     126 |   0.0 |       0 |      16 |   0.0 |  1392
           D:3 |       0 |      43 |   0.0 |       0 |      16 |   0.0 |   560
           D:4 |       0 |     176 |   0.0 |       0 |       7 |   0.0 |  1040
           D:5 |       0 |     126 |   0.0 |       0 |      12 |   0.0 |   956
           D:6 |       0 |     226 |   0.0 |       0 |       9 |   0.0 |   369
               +---------+---------+-------+---------+---------+-------+---------
